 Dungeon Crawl Stone Soup version 0.31-a0-889-g1a8549509d (webtiles) character file.

Game seed: 13870547744462347723

444 croobank the Ruffian (level 7, -4/46 HPs)
             Began as an Octopode Shapeshifter on Oct 16, 2023.
             Slain by Ijyb
             ... wielding a +0 club
              (7 damage)
             ... on level 5 of the Dungeon.
             The game lasted 00:08:55 (3245 turns).

croobank the Ruffian (Octopode Shapeshifter)        Turns: 3245, Time: 00:08:56

Health: -4/46      AC:  1    Str: 14    XL:     7   Next: 3%
Magic:  9/9        EV: 14    Int: 20    God:
Gold:   230        SH:  0    Dex: 11    Spells: 6/9 levels left

rFire   . .          .
                       - Unarmed
rCold   + . .        (no shield)
rNeg    . . .        (helmet currently unavailable)
rPois   .            (no amulet)
rElec   .            l - +6 ring of intelligence
rCorr   .            f - ring of protection from cold
SInv    .            (no ring)
Will    .....        (no ring)
Stlth   ++           (no ring)
HPRegen 0.27/turn    (no ring)
MPRegen 0.11/turn    (no ring)
                     (no ring)

%: no passive effects
@: beast-form, hasted, very quick
A: beast (slay +2), almost no armour, amphibious, 8 rings, camouflage 1,
gelatinous body 1, (nimble swimmer 1), tentacles
a: Begin Untransformation


You were on level 5 of the Dungeon.
You were a hulking beast.
You visited 1 branch of the dungeon, and saw 5 of its levels.

You collected 230 gold pieces.

Inventory:

Hand Weapons
 m - a +0 war axe
 p - a +0 trident
 q - a +0 arbalest
 t - a +1 long sword of draining
 v - a +1 dagger
 w - a +0 flail of protection
Missiles
 o - 4 curare-tipped darts (quivered)
Armour
 e - a +0 kite shield
Jewellery
 f - a ring of protection from cold (right tentacle)
 l - a +6 ring of intelligence (left tentacle)
Talismans
 b - a beast talisman (active)
 c - a flux talisman
Wands
 h - a wand of charming (1)
Scrolls
 j - 3 scrolls of teleportation
 k - 2 scrolls of immolation
 n - 2 scrolls of vulnerability {unknown}
 s - a scroll of amnesia {unknown}
Potions
 a - a potion of lignification
 d - 2 potions of curing
 g - a potion of enlightenment
 i - a potion of brilliance
 u - 2 potions of attraction


   Skills:
 + Level 3.1 Fighting
 + Level 3.7 Dodging
 + Level 4.3 Unarmed Combat
 + Level 1.8 Spellcasting
 + Level 1.6 Air Magic
 + Level 4.0 Shapeshifting


You had 6 spell levels left.
You knew the following spells:

 Your Spells              Type           Power      Damage    Failure   Level
a - Swiftness             Air            8%         N/A       24%         3

Your spell library contained the following spells:

 Spells                   Type           Power      Damage    Failure   Level
 Shock                    Conj/Air       20%        1d4       12%         1
 Airstrike                Air            4%         2d(1-17)  63%         4


Dungeon Overview and Level Annotations

Branches:
Dungeon (5/15)
 Temple: D:4-7

Altars:
Yredelemnul

Annotations:
D:5 Ijyb


Innate Abilities, Weirdness & Mutations

You are a hulking beast.
Your limbs bulge with bestial killing power. (Slay +2)
You cannot wear most types of armour.
You are amphibious.
You can wear up to eight rings at the same time.
Your skin changes colour to match your surroundings (Stealth+).
Your rubbery body absorbs attacks. (AC +1, EV +1)
((You are camouflaged when in or above water. (Stealth+)))
You have tentacles for arms and can constrict up to eight enemies at once.


Message History

Press: ? - help, Shift-Dir - straight line, f/p - orc
Aim: an orc, wielding a +0 mace and wearing a +0 ring mail (lightly wounded, ally target, chance to affect: 66%)
The orc is charmed.
The orc closely misses your orc. The orc hits your orc with a +0 club.
You swap places.
Ijyb zaps a wand.
The bolt of acid hits the orc!
The acid corrodes the orc!
The orc dies!
The bolt of acid hits you!
Aiming: Charm
Press: ? - help, Shift-Dir - straight line, f - orc, p - orc
Aim: an orc, wielding a +0 club (chance to affect: 66%)
The orc is charmed.
Ijyb screams, "Me very upset!"
Ijyb barely misses your orc.
You swap places.
Ijyb hits your orc with a +0 club.
Ijyb zaps a wand.
The bolt of acid hits your orc!
Your orc dies!
The bolt of acid hits your orc!
Your orc dies!
The bolt of acid hits you!
* * * LOW HITPOINT WARNING * * *
It was a potion of haste.
You feel yourself speed up.
Your jelly closely misses Ijyb.
You feel better. Ijyb hits your jelly with a +0 club.
The acid corrodes Ijyb!
Ijyb is burned by acid!
You swap places.
Things that are here:
a +0 mace; a +0 ring mail You tentacle-slap Ijyb but do no damage.
You grab Ijyb.
Ijyb is lightly wounded.
You constrict Ijyb.
Ijyb zaps a wand.
The bolt of acid hits you!!
* * * LOW HITPOINT WARNING * * *
You tentacle-slap Ijyb.
Ijyb is moderately wounded.
You constrict Ijyb, but do no damage.
You tentacle-slap Ijyb but do no damage.
Ijyb is moderately wounded.
You constrict Ijyb. Ijyb hits you with a +0 club!
You die...

##...
###.....##
........#
.....!.#
#...#.#
#..#.#
#.###.#.#
#...J...##
#.###h...#
#hg#...#
#...###..##
#... #....##
#...
##....##
#....
##....##
....
#......####
...!
##........##
##.#......#


You could see Ijyb (corroded, ally target), a hound and a friendly jelly
(charmed).

Vanquished Creatures
  An ogre (D:5)
  A phantom (D:4)
  A scorpion (D:5)
  Terence (D:2)
  A hound zombie (D:3)
  9 adders
  2 worms (D:3)
  3 dart slugs
  4 orcs
  8 ball pythons
  7 endoplasms
  2 giant cockroaches
  7 goblins
  10 hobgoblins
  7 jackals
  11 kobolds
  5 quokkas
  A ball python zombie (D:3)
  7 bats
  6 frilled lizards
  A giant cockroach zombie (D:3)
  7 rats
102 creatures vanquished.

Vanquished Creatures (others)
  3 orcs (D:5)
3 creatures vanquished.

Grand Total: 105 creatures vanquished

Notes
Turn   | Place    | Note
-------+----------+-------------------------------------------
     0 | D:1      | croobank the Octopode Shapeshifter began the quest for the
                  | Orb.
     0 | D:1      | Reached XP level 1. HP: 13/13 MP: 1/1
    72 | D:1      | Reached XP level 2. HP: 17/18 MP: 2/2
   314 | D:1      | Reached XP level 3. HP: 12/23 MP: 3/3
  1360 | D:2      | Reached XP level 4. HP: 27/29 MP: 4/4
  1553 | D:2      | Noticed Terence
  1564 | D:2      | Killed Terence
  1644 | D:2      | Reached XP level 5. HP: 31/34 MP: 5/5
  2142 | D:3      | Found a basalt altar of Yredelemnul.
  2146 | D:3      | Reached skill level 1 in Spellcasting
  2537 | D:4      | Learned a level 3 spell: Swiftness
  2726 | D:4      | Noticed a phantom
  2780 | D:4      | Killed a phantom
  2781 | D:4      | Reached skill level 1 in Air Magic
  2781 | D:4      | Reached XP level 6. HP: 41/41 MP: 6/8
  3089 | D:5      | Entered Level 5 of the Dungeon
  3173 | D:5      | Reached XP level 7. HP: 43/46 MP: 9/9
  3226 | D:5      | Noticed Ijyb
  3245 | D:5      | Slain by Ijyb

Illustrated notes

Levels and vault maps discovered:
D:1:      psy_arrival_radial01, layout_basic, st_stairs_5
D:2:      layout_loops_cross, minmay_tromino_v4_a, uniq_terence
D:3:      layout_basic, nicolae_yredelemnul_corpse_copse
D:4:      corexii_shack_village, layout_rooms, kennysheep_generic_room_14
D:5:      layout_loops_cross, gammafunk_temple_overflow_forgotten, serial_shops,
          nicolae_shop_statue_plus, kennysheep_small_spiral,
          nicolae_figureground_sparkle, uniq_ijyb, uniq_crazy_yiuf_cottage,
          uniq_grinder

Skill      XL: |  1  2  3  4  5  6 |
---------------+-------------------+-----
Fighting       | 2 3 |  3.1
Dodging        | 3 |  3.7
Spellcasting   | 1 |  1.8
Unarmed Combat | 4 |  4.3
Air Magic      | 1 |  1.6
Shapeshifting  | 4 |  4.0

Action                     |  1- 3 |  4- 6 |  7- 9 || total
---------------------------+-------+-------+-------++-------
  Melee: Unarmed           |    81 |   121 |     6 ||   208
         Tentacles         |    12 |    27 |       ||    39
         Constrict         |    11 |    33 |     1 ||    45
         Punch             |     2 |     5 |       ||     7
  Throw: Dart              |       |     2 |       ||     2
  Evoke: Wand              |       |       |     4 ||     4
    Use: Scroll            |       |     8 |       ||     8
         Potion            |       |     1 |     2 ||     3
   Stab: Sleeping          |     5 |     9 |       ||    14
 Armour: Skin              |    34 |    46 |     8 ||    88
  Dodge: Dodged            |    51 |    68 |     2 ||   121

Table legend: (Time is in decaauts)
 A = Elapsed time spent in this place.
 B = Non-inter-level travel time spent in this place.
 C = Inter-level travel time spent in this place.
 D = Time resting spent in this place.
 E = Time spent auto-exploring this place.
 F = Levels seen in this place.
 G = Mean time per level.
                   A        B        C        D        E       F      G
               +--------+--------+--------+--------+--------+-----+--------+
         Total |   3228 |   3146 |     82 |    523 |   1949 |   5 |  645.6 |
       Dungeon |   3228 |   3146 |     82 |    523 |   1949 |   5 |  645.6 |
               +--------+--------+--------+--------+--------+-----+--------+

Top non-repeatable levels by time:
     D:1: 911 daAuts
     D:4: 872 daAuts
     D:2: 799 daAuts
     D:3: 492 daAuts
     D:5: 153 daAuts
